 Dungeon Crawl Stone Soup version 0.23.2-33-g5129a83184 (webtiles) character file.

Game seed: 10333871314169649944

21 Descartes the Vexing (level 2, 0/11 HPs)
             Began as a Felid Enchanter on July 31, 2019.
             Succumbed to an adder's poison
             ... on level 2 of the Dungeon.
             The game lasted 00:01:38 (967 turns).

Descartes the Vexing (Felid Enchanter)               Turns: 967, Time: 00:01:38

Health: 0/11       AC:  1    Str:  4    XL:     2   Next: 65%
Magic:  6/6        EV: 18    Int: 16    God:
Gold:   57         SH:  0    Dex: 16    Spells: 4/5 levels left
                                        Lives:  0   Deaths: 0

rFire    . . .     SeeInvis +     - Unarmed
rCold    . . .     Gourm    .   (shield unavailable)
rNeg     . . .     Faith    .   (armour unavailable)
rPois    .         Spirit   .   (helmet unavailable)
rElec    .         Reflect  .   (cloak unavailable)
rCorr    .         Harm     .   (gloves unavailable)
MR       .....                  (boots unavailable)
Stlth    +++.......             (no amulet)
HPRegen  0.03/turn              (no ring)
MPRegen  0.10/turn              (no ring)

@: lethally poisoned (0 -> -16), quick
A: very small, no armour, no weapons or thrown items, stealth, claws 1, fangs 3,
see invisible, carnivore, speed 1, shaggy fur 1, slow metabolism 1, sharp paws
a: no special abilities


You were on level 2 of the Dungeon.
You were full.

You visited 1 branch of the dungeon, and saw 2 of its levels.

You collected 57 gold pieces.

Inventory:

Scrolls
 c - a scroll of identify {unknown}
 e - 2 scrolls of amnesia {unknown}
Potions
 a - a potion of curing {unknown}
 d - a potion of flight {unknown}
 f - a potion of ambrosia {unknown}
 g - a potion of degeneration {unknown}
Comestibles
 b - a ration


   Skills:
 + Level 3.1 Dodging
 + Level 4.3 Stealth
 + Level 1.4 Unarmed Combat
 + Level 2.2 Spellcasting
 + Level 4.7 Hexes


You had 4 spell levels left.
You knew the following spells:

 Your Spells              Type           Power        Failure   Level  Hunger
a - Corona                Hex            ###....      3%          1    #......

Your spell library contained the following spells:

 Spells                   Type           Power        Failure   Level  Hunger
 Confuse                  Hex            ###.....     9%          3    ###....
 Tukima's Dance           Hex            ###.....     9%          3    ###....
 Ensorcelled Hibernation  Hex/Ice        #.....       12%         2    ###....
 Dazzling Spray           Conj/Hex       #.....       22%         3    ###....


Dungeon Overview and Level Annotations

Branches:
Dungeon (2/15)

Altars:
Nemelex Xobeh


Innate Abilities, Weirdness & Mutations

You cannot wear armour.
You are incapable of wielding weapons or throwing items.
Your paws allow you to move quietly. (Stealth)
You have sharp claws.
You have razor-sharp teeth.
You have supernaturally acute eyesight. (SInv)
You are carnivorous and can eat meat at any time.
You cover ground quickly.
You are covered in fur. (AC +1)
You have a slow metabolism.
Your sharp claws are effective at attacking unaware monsters.


Message History

The adder is severely wounded.
The adder misses you.
You feel sick.
You feel sick.
There is a stone staircase leading up here.
You completely miss the adder.
The adder is severely wounded.
The adder barely misses you. The adder bites you but does no damage.
You closely miss the adder.
The adder is severely wounded.
The adder bites you.
* * * LOW HITPOINT WARNING * * *
You are more poisoned.
The adder poisons you!
You scratch the adder.
You kill the adder!
* * * LOW HITPOINT WARNING * * *
You feel sick.
You closely miss the hobgoblin.
You die...

.........
........# #.#
#.# #.# #.#
#.###..##
########g.......
.......@#####...
.########


You could see a hobgoblin.

Vanquished Creatures
  An adder (D:2)
  3 bats (D:1)
  A giant cockroach (D:1)
  3 hobgoblins (D:1)
  A frilled lizard (D:2)
  A kobold (D:1)
  2 rats (D:1)
12 creatures vanquished.

Notes
Turn   | Place    | Note
-------+----------+-------------------------------------------
     0 | D:1      | Descartes the Felid Enchanter began the quest for the Orb.
     0 | D:1      | Reached XP level 1. HP: 7/7 MP: 4/4
   483 | D:1      | Reached XP level 2. HP: 11/11 MP: 6/6
   918 | D:1      | Found a sparkling altar of Nemelex Xobeh.
   967 | D:2      | Succumbed to an adder's poison

Skill      XL: |  1  2 |
---------------+-------+-----
Dodging        | 3 |  3.1
Stealth        | |  4.3
Unarmed Combat | |  1.4
Spellcasting   | |  2.2
Hexes          | |  4.7

Action                   || total
-------------------------++-------
Melee: Unarmed           ||    45
       Bite              ||     1
 Stab: Sleeping          ||     7
  Eat: Chunk             ||     4
Armor: Skin              ||     7
Dodge: Dodged            ||    54
